 Dungeon Crawl Stone Soup version 0.31.0-9-g3a7656b989 (webtiles) character file.

Game seed: 6507883506659800054

2203 eliilek the Protected (level 9, -8/79 HPs)
             Began as a Minotaur Fighter on Jan 24, 2024.
             Was a Follower of Cheibriados.
             Killed from afar by a steam dragon (18 damage)
             ... with a ball of steam
             ... on level 7 of the Dungeon.
             The game lasted 00:16:24 (6239 turns).

eliilek the Protected (Minotaur Fighter)            Turns: 6239, Time: 00:16:24

Health: -8/79      AC: 15    Str: 24    XL:     9   Next: 12%
Magic:  9/9        EV:  9    Int:  7    God:    Cheibriados [*.....]
Gold:   254        SH:  6    Dex: 15    Spells: 8/8 levels left

rFire   . . .        a - +0 flail
rCold   . . .        c - +0 buckler
rNeg    . . .        E - +0 plate armour
rPois   .            (helmet restricted)
rElec   .            k - +0 cloak
rCorr   .            (no gloves)
SInv    .            (no boots)
Will    .....        h - amulet of regeneration Stlth
                     l - ring of flight
HPRegen 1.13/turn    (no ring)
MPRegen 0.11/turn

%: no passive effects
@: lethally poisoned (-8 -> -9), flying, very slow
A: horns 2, retaliatory headbutt
a: Renounce Religion, Bend Time


You were on level 7 of the Dungeon.
You worshipped Cheibriados.
Cheibriados was aware of your devotion.
You visited 1 branch of the dungeon, and saw 7 of its levels.
You also visited: Ossuary.

You collected 296 gold pieces.
You spent 42 gold pieces at shops.

Inventory:

Hand Weapons
 a - a +0 flail (weapon)
Missiles
 j - 8 poisoned darts (quivered)
Armour
 c - a +0 buckler (worn)
 k - a +0 cloak (worn)
 E - a +0 plate armour (worn)
Jewellery
 h - an amulet of regeneration (around neck)
 l - a ring of flight (left hand)
Wands
 d - a wand of flame (8)
 n - a wand of digging (5)
 y - a wand of charming (2)
Scrolls
 g - a scroll of vulnerability {unknown}
 o - a scroll of amnesia {unknown}
 p - a scroll of enchant weapon {unknown}
 t - a scroll of fear {unknown}
 w - 2 scrolls of revelation {unknown}
 x - a scroll of teleportation {unknown}
 z - a scroll of fog {unknown}
 C - a scroll of butterflies {unknown}
 D - a scroll of silence {unknown}
Potions
 b - a potion of mutation {unknown}
 e - 3 potions of curing
 f - a potion of resistance {unknown}
 i - a potion of lignification {unknown}
 r - a potion of magic {unknown}
 s - 3 potions of invisibility
 v - 4 potions of might
 A - 2 potions of enlightenment
 B - a potion of heal wounds {unknown}


   Skills:
 + Level 7.3 Fighting
 - Level 2.4 Maces & Flails
 * Level 9.8 Armour
 + Level 5.7 Dodging
 - Level 7.0 Shields
 + Level 2.1 Invocations


You had 8 spell levels left.
You didn't know any spells.
Your spell library contained the following spells:

 Spells                   Type           Power      Damage    Failure   Level
 Freeze                   Ice            0%         1d3       99%         1
 Mercury Vapours          Alch/Air       0%         N/A       100%        2
 Sublimation of Blood     Necr           0%         N/A       100%        2
 Frozen Ramparts          Ice            0%         1d1       100%        3
 Hailstorm                Conj/Ice       0%         3d5       100%        3
 Mephitic Cloud           Conj/Alch/Air  0%         N/A       100%        3
 Tukima's Dance           Hex            0%         N/A       100%        3
 Passage of Golubria      Tloc           0%         N/A       100%        4
 Petrify                  Alch/Erth      0%         N/A       100%        4
 Freezing Cloud           Conj/Ice/Air   0%         6-21      100%        5
 Irradiate                Conj/Alch      0%         3d11      100%        5
 Yara's Violent Unravell  Hex/Alch       0%         3d3       100%        5


Dungeon Overview and Level Annotations

Branches:
Dungeon (7/15)             Temple (0/1) D:6         Ossuary (visited)

Altars:
Ashenzari
Cheibriados
Elyvilon
Gozag
Hepliaklqana
Okawaru
Uskayaw
Vehumet
Wu Jian
Zin

Shops:
D:2 !


Innate Abilities, Weirdness & Mutations

You have a pair of horns on your head.
You reflexively headbutt those who attack you in melee.


Message History

The ball of steam hits you! You block the hornet's attack.
You sock the hornet!
The hornet is severely wounded.
You are engulfed in a cloud of scalding steam.
You feel very sick. The hornet barely misses you. You furiously retaliate!
You headbutt the hornet!
You kill the hornet!
Cheibriados appreciates the change of pace.
The kobold brigand is engulfed in a cloud of scalding steam.
The steam dragon barely misses you. The steam dragon claws you.
The kobold brigand is engulfed in a cloud of scalding steam.
You block the kobold brigand's attack. The steam dragon bites you.
The steam dragon barely misses you.
Your Invocations skill increases to level 2!
A kobold comes into view. It is wielding a +0 dagger.
You feel yourself speed up.
You feel sick.
The kobold brigand hits you with a +0 club.
The steam dragon bites you but does no damage.
The steam dragon completely misses you.
A kobold comes into view. It is wielding a +0 dagger.
The kobold brigand hits you with a +0 club.
The steam dragon breathes steam at you. The ball of steam hits you!
* * * LOW HITPOINT WARNING * * *
The kobold shouts!
You fail to use your ability.
You are engulfed in a cloud of scalding steam.
* * * LOW HITPOINT WARNING * * *
The steam dragon barely misses you. You furiously retaliate!
You headbutt the steam dragon!
The steam dragon claws you but does no damage.
You feel sick.
The kobold brigand attacks as it pursues you!
The kobold brigand hits you but does no damage.
A kobold comes into view. It is wielding a +0 whip.
You feel sick.
The kobold throws a stone.
The stone closely misses you. The steam dragon breathes steam at you.
The ball of steam hits you!!
You die...

..#.. ..##...#
#...... .K.#...
.......... .....#
........###K..## .
.......##.....# #.
#.........†..#.#
#.#......K.......#
##.......DK#.#####
#........@.###
#....<...##
##........##
#.........#
####......#
#.....## #......#
#......##
#..##...#


You could see a steam dragon (catching breath), a kobold brigand and 3 kobolds.

Vanquished Creatures
  A hornet (D:7)
  Eustachio (D:3)
  Menkaure (Ossuary)
  Duvessa (D:6)
  An ice beast (D:5)
  A sky beast (D:6)
  An ogre (D:5)
  A phantom (D:5)
  2 bullfrogs
  3 scorpions
  3 wights (D:6)
  Dowan (D:6)
  3 howler monkeys (D:6)
  2 bombardier beetles (D:5)
  An orc priest (D:3)
  A hound (D:5)
  A jelly (D:6)
  Crazy Yiuf (D:6)
  2 sleepcaps
  4 iguanas
  An orc wizard (D:3)
  A statue (D:5)
  3 mummies (Ossuary)
  4 gnolls (D:5)
  9 adders
  A shadow imp (D:6)
  A white imp (D:6)
  3 dart slugs
  3 ribbon worms
  16 orcs
  6 ball pythons
  8 endoplasms
  2 giant cockroaches (D:4)
  3 gnoll zombies (Ossuary)
  5 goblins
  5 hobgoblins
  9 jackals
  11 kobolds
  3 quokkas
  6 bats
  8 frilled lizards
  4 gnoll skeletons (Ossuary)
  A goblin skeleton (Ossuary)
  3 goblin zombies (Ossuary)
  6 hobgoblin skeletons (Ossuary)
  3 hobgoblin zombies (Ossuary)
  7 kobold skeletons (Ossuary)
  6 kobold zombies (Ossuary)
  3 orc skeletons (Ossuary)
  4 orc zombies (Ossuary)
  3 rats
  4 rat skeletons (Ossuary)
  6 rat zombies (Ossuary)
190 creatures vanquished.

Notes
Turn   | Place    | Note
-------+----------+-------------------------------------------
     0 | D:1      | eliilek the Minotaur Fighter began the quest for the Orb.
     0 | D:1      | Reached XP level 1. HP: 19/19 MP: 0/0
   127 | D:1      | Reached XP level 2. HP: 26/27 MP: 1/1
   137 | D:1      | Reached skill level 4 in Armour
   265 | D:1      | Reached skill level 1 in Dodging
   486 | D:1      | Reached XP level 3. HP: 27/33 MP: 2/2
  1168 | D:2      | Found Vacoed's Distillery.
  1240 | D:2      | Reached XP level 4. HP: 30/40 MP: 3/3
  1780 | D:2      | Bought a potion of curing for 42 gold pieces
  1951 | D:3      | Reached skill level 5 in Armour
  1956 | D:3      | Reached XP level 5. HP: 13/47 MP: 4/4
  2448 | D:3      | Found an iron altar of Okawaru.
  2450 | D:3      | Found a broken altar of Ashenzari.
  2631 | D:4      | Noticed Eustachio
  2657 | D:3      | Killed Eustachio
  2658 | D:3      | Reached skill level 5 in Fighting
  2658 | D:3      | Reached skill level 6 in Armour
  2658 | D:3      | Reached XP level 6. HP: 23/56 MP: 5/5
  2874 | D:4      | Found a sand-covered staircase.
  2882 | Ossuary  | Entered an ossuary
  3173 | Ossuary  | Reached skill level 5 in Shields
  3290 | Ossuary  | Noticed Menkaure
  3294 | Ossuary  | Killed Menkaure
  3295 | Ossuary  | Reached XP level 7. HP: 33/61 MP: 6/6
  3664 | D:4      | Reached skill level 7 in Armour
  3982 | D:4      | Found an ornate altar of the Wu Jian Council.
  4000 | D:4      | Found a hide-covered altar of Uskayaw.
  4160 | D:5      | Entered Level 5 of the Dungeon
  4181 | D:5      | Found a radiant altar of Vehumet.
  4191 | D:5      | Found a white marble altar of Elyvilon.
  4598 | D:5      | Reached skill level 8 in Armour
  4598 | D:5      | Reached XP level 8. HP: 65/70 MP: 7/7
  4906 | D:5      | Found a hazy altar of Hepliaklqana.
  4992 | D:5      | Found an opulent altar of Gozag.
  5139 | D:6      | Noticed Dowan
  5139 | D:6      | Noticed Duvessa
  5151 | D:6      | Killed Dowan
  5220 | D:6      | Killed Duvessa
  5287 | D:6      | Identified the staff of the Six Persimmons {Will- Int+2
                  | Dex+3 Conj Earth}
  5348 | D:6      | Found a snail-covered altar of Cheibriados.
  5356 | D:6      | Became a worshipper of Cheibriados the Contemplative
  5444 | D:6      | Reached skill level 5 in Dodging
  5496 | D:6      | Reached skill level 9 in Armour
  5575 | D:6      | Reached skill level 1 in Invocations
  5613 | D:6      | Found a glowing silver altar of Zin.
  5726 | D:6      | Found a runed translucent door.
  5727 | D:6      | Noticed Crazy Yiuf
  5735 | D:6      | Killed Crazy Yiuf
  5937 | D:6      | Found a faded altar of an unknown god.
  5937 | D:6      | Found a staircase to the Ecumenical Temple.
  6208 | D:6      | Reached XP level 9. HP: 71/79 MP: 9/9
  6209 | D:6      | Reached * piety under Cheibriados
  6239 | D:7      | Killed from afar by a steam dragon

Illustrated notes

Levels and vault maps discovered:
D:1:      minmay_arrival_loop, layout_loops_ring, minmay_misc_feat_nine_boxes,
          hangedman_decor_riveting
D:2:      layout_basic, serial_shops, shop, minmay_goblin_kobold_house
D:3:      layout_basic, chequers_temple_overflow_statue_of_worship,
          bh_walls_and_bars
D:4:      layout_cave_pods, nicolae_uskayaw_suspiria, kennysheep_mini,
          nicolae_ossuary_entry_plus, uniq_eustachio
D:5:      nicolae_cairo_tiling_large_dashed, layout_gridville,
          overflow_temple_1_default,
          nicolae_gozag_cash_rules_everything_around_me, elyvilon_altar_5,
          vehumet_statue, kennysheep_minor_cross, hangedman_decor_push,
          serial_library_hellmonk_room_a, hangedman_decor_growths,
          dk_noncrumbling_4
D:6:      layout_loops_ring, zin_academy, kennysheep_slug_shrine,
          nicolae_temple_entry_ecumenical, uniq_crazy_yiuf_cottage, uniq_duvessa
D:7:      layout_cave_pools, uniq_jeremiah, uniq_maurice, uniq_pikel,
          uniq_menkaure

Skill      XL: |  1  2  3  4  5  6  7  8  9 |
---------------+----------------------------+-----
Armour         | 4 5 6 8 9 |  9.8
Dodging        | 1 2 3 4 5 |  5.7
Fighting       | 4 5 6 7 |  7.3
Shields        | 4 5 6 7 |  7.0
Invocations    | 1 2 |  2.1
Maces & Flails | |  2.4

Action                     |  1- 3 |  4- 6 |  7- 9 || total
---------------------------+-------+-------+-------++-------
  Melee: Flail             |   100 |   181 |   241 ||   522
         Headbutt          |    14 |    26 |    44 ||    84
    Use: Potion            |       |     2 |       ||     2
         Scroll            |       |       |     7 ||     7
 Armour: Scale mail        |    63 |   106 |   110 ||   279
         Plate armour      |       |       |   159 ||   159
  Dodge: Dodged            |    46 |    76 |   125 ||   247
  Block: Buckler           |    25 |    41 |    84 ||   150
